Map: Cyber Forest LE

Players

GogojOey

  • Race: Zerg Zerg
  • Spawn Location: 11:00

Minatoeh (Minato) - Winner!

  • Race: Zerg Zerg
  • Spawn Location: 5:00

Event: 2019 WCS Spring

VOD

Have the link to the VOD?

Description

Time

  • Played on: May 17, 2019, 10:54 a.m.
  • Length: 7:31

All games in this series

Show
View Real Time Build Order
Export as new Build Order

GogojOey Zerg 

Build Orders: Pool First 

Get SALT Encoding   

  12  0:18  Spawning Pool  
  11  0:22  Drone  
  11  0:26  Drone  
  13  0:31  Drone  
  14  0:40  Overlord  
  14  1:05  Zergling x6  
  17  1:16  Hatchery  
  17  1:18  Zergling x2  
  17  1:27  Zergling x2  
  18  1:34  Queen  
  18  1:38  Zergling x2  
  21  1:48  Overlord  
  21  2:00  Drone  
  21  2:10  Drone  
  21  2:12  Queen  
  24  2:28  Queen  
  24  2:29  Drone x2  
  26  2:33  Drone  
  26  2:40  Drone  
  26  2:43  Drone x2  
  28  2:44  Drone  
  28  2:50  Drone  
  29  2:55  Zergling x2  
  30  3:01  Drone  
  30  3:05  Drone  
  32  3:12  Overlord  
  32  3:18  Evolution Chamber  
  32  3:19  Roach Warren  
  30  3:21  Drone x2  
  30  3:22  Evolution Chamber  
  30  3:24  Drone  
  32  3:29  Drone x2  
  32  3:31  Drone  
  34  3:34  Drone  
  34  3:36  Extractor  
  34  3:37  Drone  
  34  3:40  Drone  
  36  3:43  Drone  
  37  3:50  Drone x2  
  37  3:51  Drone x2, Extractor  
  37  3:55  Extractor  
  39  3:57  Drone x2  
  41  4:03  Overlord  
  41  4:04  Drone  
  41  4:05  Drone  
  41  4:09  Drone  
  44  4:19  Overlord  
  44  4:23  Lair  
  44  4:24  Drone x3  
  47  4:36  Zerg Missile Weapons Level 1  
  47  4:45  Roach x2  
  51  4:46  Hatchery  
  51  4:50  Roach  
  52  4:55  Roach x2  
  52  4:57  Roach  
  58  5:01  Roach  
  58  5:03  Overlord  
  60  5:10  Overlord  
  60  5:17  Overlord  
  60  5:20  Glial Reconstitution  
  60  5:22  Roach x4  
  60  5:28  Drone  
  69  5:32  Roach x3  
  75  5:42  Roach x3  
  81  5:46  Roach  
  81  5:48  Overlord  
  83  5:58  Ravager  
  83  6:01  Drone x5  
  83  6:02  Drone  
  90  6:06  Overlord  
  90  6:11  Overlord  
  90  6:12  Overlord  
  90  6:13  Drone  
  92  6:18  Ravager  
  92  6:19  Ravager  
  92  6:20  Overlord, Drone x2  
  92  6:21  Drone x3  
  92  6:25  Overseer  
  98  6:27  Overlord  
  98  6:36  Roach x5  
  108  6:43  Roach x2  
  108  6:44  Roach  
  114  6:54  Roach x4  
  113  6:58  Extractor  
  106  7:02  Roach  
  106  7:03  Roach x2  
  112  7:10  Roach x2  
  102  7:23  Extractor  
Show
View Real Time Build Order
Export as new Build Order

Minatoeh Zerg - Winner!

Build Orders: Pool First 

Get SALT Encoding   

  12  0:00  Drone  
  13  0:12  Overlord  
  13  0:17  Drone  
  14  0:31  Drone x2  
  16  0:41  Spawning Pool  
  15  0:44  Drone  
  15  0:48  Drone  
  17  1:09  Hatchery  
  16  1:12  Drone  
  16  1:17  Extractor  
  16  1:28  Zergling x6  
  19  1:34  Queen  
  22  1:41  Extractor, Zergling x2  
  22  1:49  Extractor  
  22  1:50  Zergling x2  
  23  2:06  Overlord  
  23  2:20  Queen  
  23  2:21  Zergling x2  
  26  2:23  Drone  
  26  2:24  Queen  
  26  2:25  Zergling x2  
  29  2:33  Drone x2  
  29  2:45  Drone x2  
  29  2:46  Drone x2  
  29  2:50  Drone  
  34  2:56  Queen  
  36  3:07  Overlord  
  36  3:08  Overlord  
  36  3:13  Extractor  
  36  3:14  Evolution Chamber, Extractor  
  33  3:20  Drone x2  
  33  3:21  Drone  
  33  3:27  Drone x2  
  38  3:28  Drone x2  
  40  3:35  Drone x5  
  45  3:41  Drone  
  45  3:44  Extractor  
  45  3:47  Drone  
  46  3:58  Hatchery  
  46  4:02  Zerg Missile Weapons Level 1  
  45  4:05  Drone x2  
  45  4:06  Drone  
  48  4:13  Drone x3  
  48  4:14  Drone  
  52  4:21  Lair  
  52  4:29  Roach Warren  
  51  4:41  Overlord x3  
  51  4:42  Overlord  
  51  4:49  Drone  
  52  5:02  Overlord x2  
  52  5:09  Roach x7  
  52  5:11  Roach  
  68  5:18  Overseer, Glial Reconstitution  
  68  5:20  Roach x2  
  72  5:27  Roach x2  
  72  5:28  Roach  
  78  5:39  Roach x4  
  78  5:41  Roach  
  88  5:43  Roach  
  88  5:46  Roach  
  88  5:49  Roach  
  94  5:50  Roach  
  94  5:53  Roach  
  98  5:59  Roach x2  
  98  6:00  Roach  
  98  6:03  Roach  
  106  6:06  Overlord  
  106  6:09  Overlord  
  108  6:25  Roach  
  108  6:26  Roach x3  
  108  6:28  Roach  
  108  6:30  Roach  
  108  6:31  Roach x2  
  115  6:56  Roach x2  
  115  6:57  Roach  
  120  7:03  Roach  
Tags
 
Add a new tag
Caveats
  • Supply blocks, unpowered buildings, or Contaminate may cause inaccurate times.
  • Supply counts are checked every 10 seconds.